 Dungeon Crawl Stone Soup version 0.25.1-2-g60ff931df9 (webtiles) character file.

Game seed: 16386576228390067835

64 pokeman the Magician (level 3, 0/20 HPs)
             Began as a Deep Elf Wizard on Nov 7, 2020.
             Succumbed to an adder's poison
             ... on level 2 of the Dungeon.
             The game lasted 00:02:45 (1615 turns).

pokeman the Magician (Deep Elf Wizard)              Turns: 1615, Time: 00:02:45

Health: 0/20       AC:  3    Str:  4    XL:     3   Next: 91%
Magic:  4/11       EV: 11    Int: 23    God:
Gold:   85         SH:  0    Dex: 13    Spells: 1/12 levels left

rFire    + . .     SeeInvis .   (no weapon)
rCold    + . .     Gourm    .   (no shield)
rNeg     . . .     Faith    .   e - +0 leather armour
rPois    +         Spirit   .   b - +0 hat
rElec    +         Reflect  .   (no cloak)
rCorr    +         Harm     .   (no gloves)
MR       .....                  (no boots)
Stlth    ++........             (no amulet)
HPRegen  0.06/turn              (no ring)
MPRegen  0.12/turn              (no ring)

@: lethally poisoned (0 -> -4), resistant, stab, very slightly contaminated,
hasted, very quick
A: no striking features
a: no special abilities


You were on level 2 of the Dungeon.
You were not hungry.

You visited 1 branch of the dungeon, and saw 2 of its levels.

You collected 85 gold pieces.

Inventory:

Armour
 b - a +0 hat (worn)
 e - a +0 leather armour (worn)
Scrolls
 c - 2 scrolls of noise {unknown}
 g - a scroll of enchant weapon {unknown}
 h - 2 scrolls of remove curse {unknown}
 j - a scroll of teleportation {unknown}
Comestibles
 a - 2 chunks of flesh
 d - 2 rations


   Skills:
 - Level 1.0 Fighting
 - Level 1.0 Armour
 + Level 2.5 Dodging
 - Level 2.4 Stealth
 * Level 5.4 Spellcasting
 * Level 2.1 Conjurations
 - Level 1.1 Summonings
 - Level 1.1 Translocations
 + Level 0.2 Fire Magic


You had one spell level left.
You knew the following spells:

 Your Spells              Type           Power        Failure   Level  Hunger
a - Magic Dart            Conj           ###.         6%          1    None
b - Mephitic Cloud        Conj/Pois/Air  #.......     34%         3    ##.....
c - Call Imp              Summ           ##......     16%         2    None
d - Blink                 Tloc           N/A          16%         2    None
e - Conjure Flame         Conj/Fire      ##......     28%         3    ##.....

Your spell library contained the following spells:

 Spells                   Type           Power        Failure   Level  Hunger
 Slow                     Hex            #.......     24%         2    None


Dungeon Overview and Level Annotations

Branches:
Dungeon (2/15)

Altars:


Message History

* * * LOW HITPOINT WARNING * * *
You feel sick.
It was a potion of haste.
You feel yourself speed up.
* * * LOW HITPOINT WARNING * * *
You feel sick.
There is a lethal amount of poison in your body!
Found a yellow potion.
Found a stone staircase leading down.
* * * LOW HITPOINT WARNING * * *
You feel sick.
There is a stone staircase leading down here.
* * * LOW HITPOINT WARNING * * *
You feel sick.
You see here a yellow potion.
It was a potion of resistance.
You feel protected.
* * * LOW HITPOINT WARNING * * *
You feel sick.
* * * LOW HITPOINT WARNING * * *
You feel sick.
You die...

...≈# #≈....≈####..# #
...≈######≈....≈# #..#
# ....≈≈≈≈≈≈....≈≈#
#..#####
≈............≈≈##
#......#
≈≈..........≈≈##
##.###.#
#≈≈........≈≈## #.#
##≈≈......≈≈##.# #.#
##≈≈≈≈≈≈≈≈##...#####.#
##########....@.....#
##...####### ......#
######


There were no monsters in sight!

Vanquished Creatures
  3 adders (D:2)
  A dart slug (D:1)
  A leopard gecko (D:1)
  3 giant cockroaches
  3 goblins (D:1)
  2 hobgoblins (D:1)
  5 jackals (D:1)
  3 kobolds
  9 bats
  3 frilled lizards (D:1)
33 creatures vanquished.

Vanquished Creatures (others)
  A kobold (D:2)
1 creature vanquished.

Grand Total: 34 creatures vanquished

Notes
Turn   | Place    | Note
-------+----------+-------------------------------------------
     0 | D:1      | pokeman the Deep Elf Wizard began the quest for the Orb.
     0 | D:1      | Reached XP level 1. HP: 10/10 MP: 7/7
   262 | D:1      | Reached XP level 2. HP: 15/16 MP: 1/9
   704 | D:1      | Reached skill level 5 in Spellcasting
   937 | D:1      | Reached XP level 3. HP: 19/20 MP: 7/11
  1031 | D:1      | Learned a level 3 spell: Mephitic Cloud
  1035 | D:1      | Learned a level 2 spell: Call Imp
  1038 | D:1      | Learned a level 2 spell: Blink
  1042 | D:1      | Learned a level 3 spell: Conjure Flame
  1297 | D:2      | Reached skill level 1 in Fighting
  1542 | D:2      | Reached skill level 1 in Armour
  1610 | D:2      | HP: 1/20 [poisoned by an adder]
  1615 | D:2      | Succumbed to an adder's poison

Illustrated notes

Levels and vault maps discovered:
D:1:      dpeg_arrival_rhombus, layout_basic, hex_tiny, chequers_jeans,
          feat_on_display
D:2:      layout_loops_ring, grunt_temple_overflow_holy_war,
          kennysheep_big_empty_room, chequers_serial_rivers_micro_e

Skill      XL: |  1  2  3 |
---------------+----------+-----
Spellcasting   | 5 |  5.4
Fighting       | 1 |  1.0
Armour         | 1 |  1.0
Conjurations   | 2 |  2.1
Dodging        | |  2.5
Stealth        | |  2.4
Summonings     | |  1.1
Translocations | |  1.1
Fire Magic     | |  0.2

Action                   || total
-------------------------++-------
Melee: Unarmed           ||     2
 Cast: Magic Dart        ||    82
  Use: Potion            ||     3
  Eat: Chunk             ||     2
Armor: Leather armour    ||     9
Dodge: Dodged            ||    16
